 Dungeon Crawl Stone Soup version 0.19-a0-1201-gda63bca (webtiles) character file.

6374 mopl the Basher (level 10, -11/110 HPs)
             Began as an Ogre Wanderer on Aug 20, 2016.
             Was an Elder of Okawaru.
             Mangled by a wight
             ... wielding a +5 dire flail
              (15 damage)
             ... on level 10 of the Dungeon.
             The game lasted 00:21:24 (10427 turns).

mopl the Basher (Ogre Wanderer)                    Turns: 10427, Time: 00:21:25

Health: -11/110    AC:  4    Str: 20    XL:     10   Next: 97%
Magic:  12/13      EV: 10    Int:  9    God:    Okawaru [****..]
Gold:   63         SH:  0    Dex: 13    Spells: 1 memorised, 7 levels left

rFire  . . .     SeeInvis .     a - +0 giant spiked club
rCold  + . .     Gourm    .     T - +0 robe (curse)
rNeg   . . .     Faith    .     (shield currently unavailable)
rPois  .         Spirit   .     (helmet restricted)
rElec  .         Dismiss  .     k - +0 cloak
rCorr  +         Reflect  .     (gloves unavailable)
MR     +....     Harm     .     (boots unavailable)
Stlth  ++........               C - amulet of regeneration
                                E - ring of resist corrosion
                                p - ring of protection from cold

@: heroism, very heavily drained
A: unfitting armour, tough skin 1
a: Heroism, Renounce Religion


You were on level 10 of the Dungeon.
You worshipped Okawaru.
Okawaru was greatly pleased with you.
You were very hungry.

You visited 2 branches of the dungeon, and saw 11 of its levels.

You collected 588 gold pieces.
You spent 525 gold pieces at shops.

Inventory:

Hand Weapons
 a - a +0 giant spiked club (weapon)
 b - a +0 blowgun
 d - a +0 giant club
 w - a +0 eveningstar
 N - a +0 dire flail
 R - a +0 great mace
Missiles
 e - 7 poisoned tomahawks
 h - 219 stones
 r - 82 poisoned needles
 x - 23 tomahawks (quivered)
 D - 2 curare-tipped needles
 K - 6 needles of sleeping
Armour
 k - a +0 cloak (worn)
 T - a cursed +0 robe (worn)
Jewellery
 p - a ring of protection from cold (left hand)
 C - an amulet of regeneration (around neck)
 E - a ring of resist corrosion (right hand)
Wands
 o - a wand of polymorph (8/24)
 G - a wand of acid (4/15)
 I - a wand of slowing (1/48)
 M - a wand of confusion (20/48)
 X - a wand of acid (5/15)
Scrolls
 f - 2 scrolls of enchant armour {unknown}
 i - 2 scrolls of random uselessness {unknown}
 l - 3 scrolls of immolation {unknown}
 m - 4 scrolls of identify
 n - 2 scrolls of amnesia {unknown}
 q - 3 scrolls of fear {unknown}
 t - a scroll of brand weapon {unknown}
 B - 4 scrolls of remove curse {unknown}
 F - 4 scrolls of recharging {unknown}
 H - a scroll of holy word {unknown}
 J - 2 scrolls of teleportation
 S - a scroll of fog {unknown}
Potions
 s - 3 potions of invisibility
 u - 4 potions of might
 A - 6 potions of curing
 L - a potion of magic
 O - 3 potions of agility
 P - a potion of ambrosia
 U - a potion of brilliance
 V - 2 potions of heal wounds
 W - a potion of berserk rage {!q}
Books
 c - the Incunabulum of Orientation

   Spells                             Type                      Level
   a - Shroud of Golubria             Charms/Translocation         2
   b - Blink                          Translocation                2
 y - a book of Conjurations

   Spells                             Type                      Level
   a - Magic Dart                     Conjuration                  1
   b - Searing Ray                    Conjuration                  2
   c - Dazzling Spray                 Conjuration/Hexes            3
   d - Fulminant Prism                Conjuration/Hexes            4
   e - Iskenderun's Mystic Blast      Conjuration                  4
   f - Iskenderun's Battlesphere      Conjuration/Charms           5
 Q - a book of Alchemy

   Spells                             Type                      Level
   a - Sublimation of Blood           Necromancy                   2
   b - Ignite Poison                  Fire/Transmutation/Poison    3
   c - Petrify                        Transmutation/Earth          4
   d - Alistair's Intoxication        Transmutation/Poison         5
   e - Irradiate                      Conjuration/Transmutation    5
Comestibles
 g - 8 bread rations
 j - 21 fruits
 v - 4 meat rations
 z - 2 beef jerkies


   Skills:
 + Level 10.3(11.3) Fighting
 * Level 13.9(14.6) Maces & Flails
 + Level 6.8(8.1) Throwing
 - Level 1.5(3.3) Stealth
   Level 2.1(0.0) Conjurations
 - Level 2.1(0.0) Translocations
   Level 1.3(0.0) Air Magic
 + Level 5.3(2.1) Invocations


You had 7 spell levels left.
You knew the following spells:

 Your Spells              Type           Power        Failure   Level  Hunger
e - Blink                 Tloc           N/A          65%         2    ###....


Dungeon Overview and Level Annotations

Branches:
Dungeon (10/15)            Temple (1/1) D:5            Lair (0/6) D:9
    Orc: D:9-12

Altars:
Ashenzari
Cheibriados
Dithmenos
Elyvilon
Fedhas
Gozag
Hepliaklqana
Kikubaaqudgha
Makhleb
Nemelex Xobeh
Okawaru
Qazlal
Ru
Sif Muna
Trog
Uskayaw
Vehumet
Xom
Yredelemnul
Zin
The Shining One

Shops:
D:10 !


Innate Abilities, Weirdness & Mutations

You are too large for most types of armour.
You have tough skin. (AC +1)


Message History

You flatten something like a pancake!!! Okawaru accepts your kill.
Reactivating autopickup.
You feel a bit more experienced.
You impale the kobold!!
You kill the kobold!
Okawaru accepts your kill.
You barely miss the wight. The wight barely misses you.
You hit the wight but do no damage.
The wight hits you with an enchanted dire flail!
* * * LOW HITPOINT WARNING * * *
You feel drained.
* * * LOW HITPOINT WARNING * * *
You closely miss the wight.
The wight hits you with an enchanted dire flail!
* * * LOW HITPOINT WARNING * * *
You feel drained.
* * * LOW HITPOINT WARNING * * *
The wight hits you with an enchanted dire flail!
You die...

#.......####.. #.....###
#.. #.....# #.. ##.####
##+ #..# ##'####### ####
###(.......# #...
##.'........# #...
#@)#........# #...
#z##........###...
..oz..o{##........'.#...
...K..####........#.<...
###.## ######'#####...
.. ##.# #... ## #..#
#### ##.## #..#


You could see a wight and an orc.

Vanquished Creatures
  A hill giant (D:10)
  A gargoyle (D:7)
  8 yaks (D:9)
  A wraith (D:10)
  2 wyverns
  A basilisk (D:9)
  A hippogriff (D:10)
  3 porcupines (D:9)
  An orc warrior (D:7)
  2 sky beasts
  An ice beast (D:7)
  3 ogres (D:7)
  2 phantoms
  2 centaurs
  2 crocodiles (D:9)
  2 big kobolds
  3 giant frogs
  4 scorpions
  11 wights
  4 electric eels (D:7)
  4 crimson imps
  A quasit (D:8)
  A giant frog zombie (D:8)
  4 orc priests
  A centaur skeleton (D:7)
  2 jellies
  A giant frog skeleton (D:6)
  12 orc wizards
  7 worker ants
  2 killer bee zombies
  A hound skeleton (D:8)
  A worker ant zombie (D:6)
  11 adders
  3 river rats (D:9)
  3 shadow imps
  5 oozes
  An adder zombie (D:8)
  2 worms (D:2)
  2 dart slugs
  9 giant geckos
  22 orcs
  11 bats
  A giant cockroach (D:2)
  3 goblins
  3 hobgoblins (D:1)
  10 jackals
  15 kobolds
  4 quokkas
  2 ball pythons (D:2)
  4 giant newts
  8 rats
211 creatures vanquished.

Vanquished Creatures (others)
  An orc (D:7)
  2 fungi (D:9)
  2 plants (D:9)
5 creatures vanquished.

Grand Total: 216 creatures vanquished

Notes
Turn   | Place    | Note
-------+----------+-------------------------------------------
     0 | D:1      | mopl the Ogre Wanderer began the quest for the Orb.
     0 | D:1      | mopl set off with: a book of Conjurations, a scroll of teleportation, the Incunabulum of Orientation, a +0 robe, a +0 club, a +0 dagger, a bread ration
     0 | D:1      | Reached XP level 1. HP: 16/16 MP: 1/1
     1 | D:1      | Identified the Incunabulum of Orientation
   174 | D:1      | Reached skill level 1 in Fighting
   174 | D:1      | Reached skill level 1 in Maces & Flails
   174 | D:1      | Reached XP level 2. HP: 2/27 MP: 2/2
   878 | D:1      | Reached skill level 2 in Maces & Flails
  1063 | D:1      | Reached XP level 3. HP: 30/35 MP: 3/3
  1287 | D:1      | Reached skill level 2 in Fighting
  1319 | D:1      | Learned a level 2 spell: Blink
  1396 | D:1      | Reached skill level 3 in Maces & Flails
  1799 | D:2      | Reached XP level 4. HP: 34/44 MP: 4/4
  1965 | D:2      | HP: 2/44 [poisoned by an adder]
  1973 | D:2      | HP: 1/44 [poisoned by an adder]
  2780 | D:2      | Reached skill level 4 in Maces & Flails
  3585 | D:3      | Reached skill level 3 in Fighting
  3633 | D:3      | Found a faded altar of an unknown god.
  3811 | D:3      | Reached XP level 5. HP: 46/53 MP: 5/5
  4266 | D:4      | Reached skill level 5 in Maces & Flails
  4291 | D:4      | Found an opulent altar of Gozag.
  4365 | D:4      | Found a snail-covered altar of Cheibriados.
  4827 | D:4      | Reached XP level 6. HP: 62/62 MP: 6/6
  4843 | D:4      | Reached skill level 4 in Fighting
  4843 | D:4      | Reached skill level 6 in Maces & Flails
  4916 | D:4      | Found a shadowy altar of Dithmenos.
  5149 | D:5      | Entered Level 5 of the Dungeon
  5385 | D:5      | Reached skill level 7 in Maces & Flails
  5484 | D:5      | Reached XP level 7. HP: 67/71 MP: 7/7
  5589 | D:5      | Found a radiant altar of Vehumet.
  5717 | D:5      | Found a staircase to the Ecumenical Temple.
  5723 | Temple   | Entered the Ecumenical Temple
  5827 | Temple   | Became a worshipper of Warmaster Okawaru
  5976 | D:5      | Reached skill level 5 in Fighting
  6053 | D:5      | Reached skill level 8 in Maces & Flails
  6181 | D:6      | Reached skill level 1 in Throwing
  6336 | D:7      | Reached * piety under Okawaru
  6359 | D:7      | Reached skill level 6 in Fighting
  6359 | D:7      | Reached skill level 9 in Maces & Flails
  6359 | D:7      | Reached XP level 8. HP: 79/83 MP: 8/8
  6392 | D:7      | Reached skill level 2 in Throwing
  6421 | D:7      | Found a stormy altar of Qazlal.
  6531 | D:7      | Reached ** piety under Okawaru
  6531 | D:7      | Reached skill level 10 in Maces & Flails
  6531 | D:7      | Reached skill level 3 in Throwing
  6694 | D:7      | Reached skill level 7 in Fighting
  6841 | D:7      | Found a deep blue altar of Sif Muna.
  7048 | D:6      | Reached XP level 9. HP: 84/93 MP: 9/9
  7498 | D:7      | Reached skill level 11 in Maces & Flails
  7498 | D:7      | Reached skill level 4 in Throwing
  7679 | D:7      | Reached skill level 8 in Fighting
  8100 | D:7      | Noticed a gargoyle
  8118 | D:7      | Killed a gargoyle
  8118 | D:7      | Reached skill level 1 in Invocations
  8186 | D:8      | Reached *** piety under Okawaru
  8350 | D:8      | Received a gift from Okawaru
  8360 | D:8      | Reached skill level 5 in Throwing
  8424 | D:8      | Reached skill level 12 in Maces & Flails
  8426 | D:8      | Reached skill level 2 in Invocations
  9213 | D:9      | Reached skill level 9 in Fighting
  9213 | D:9      | Reached skill level 3 in Invocations
  9310 | D:9      | Reached XP level 10. HP: 107/107 MP: 9/12
  9369 | D:9      | Reached skill level 4 in Invocations
  9371 | D:9      | Reached skill level 13 in Maces & Flails
  9375 | D:9      | Reached skill level 6 in Throwing
  9377 | D:9      | Reached **** piety under Okawaru
  9575 | D:9      | Found a staircase to the Lair.
  9891 | D:10     | Entered Level 10 of the Dungeon
  9891 | D:10     | Noticed a hill giant
  9898 | D:10     | Killed a hill giant
  9898 | D:10     | Received a gift from Okawaru
  9898 | D:10     | Reached skill level 10 in Fighting
  9944 | D:10     | Reached skill level 5 in Invocations
 10311 | D:10     | Found Houlaecwu's Distillery.
 10314 | D:10     | Bought a potion of magic for 120 gold pieces
 10314 | D:10     | Bought a potion of brilliance for 60 gold pieces
 10314 | D:10     | Bought a potion of heal wounds for 75 gold pieces
 10314 | D:10     | Bought a potion of heal wounds for 75 gold pieces
 10314 | D:10     | Bought a potion of berserk rage for 75 gold pieces
 10314 | D:10     | Bought a potion of might for 60 gold pieces
 10314 | D:10     | Bought a potion of might for 60 gold pieces
 10427 | D:10     | HP: 4/110 [wight/enchanted dire flail (5)]
 10427 | D:10     | Mangled by a wight

Vault maps used:
D:1:      moated_graveyard_arrival
D:2:      first_bread
D:3:      ecumenical_altar_2
D:4:      lemuel_crystal_altar, kennysheep_slug_shrine, grunt_dithmenos_shadows
D:5:      overflow_temple_1_default
D:7:      wad_lake_hut, led_sif_pool, nicolae_overflow_crystal_walls
D:9:      minmay_lair_entry_grove, serial_glass, glass_columns_a,
          glass_columns_a
D:10:     serial_shops, shop
Temple:   eino_temple_rhombus

Skill      XL: |  1  2  3  4  5  6  7  8  9 10 |
---------------+-------------------------------+-----
Fighting       | 1 2 3 4 6 7 9 10 | 10.3
Maces & Flails | 1 2 3 4 5 7 9 10 12 13 | 13.9
Throwing       | 1 3 5 6 |  6.8
Invocations    | 3 5 |  5.3
Stealth        | |  1.5
Conjurations   | |  2.1
Translocations | |  2.1
Air Magic      | |  1.3

Action                   |  1- 3 |  4- 6 |  7- 9 | 10-12 || total
-------------------------+-------+-------+-------+-------++-------
Melee: Club              |   162 |    62 |       |       ||   224
       Flail             |       |   198 |   129 |       ||   327
       Whip              |       |    33 |       |       ||    33
       Dire flail        |       |       |    52 |       ||    52
       Giant club        |       |       |   130 |    75 ||   205
       Giant spiked club |       |       |       |    64 ||    64
 Fire: Blowgun           |       |       |    28 |     1 ||    29
Throw: Tomahawk          |       |    11 |    16 |    10 ||    37
       Stone             |       |       |    17 |       ||    17
Invok: Heroism           |       |       |     6 |     5 ||    11
Evoke: Wand              |       |       |     3 |     1 ||     4
  Use: Scroll            |     5 |     1 |     3 |     1 ||    10
       Potion            |       |     1 |     3 |       ||     4
 Stab: Sleeping          |     1 |     1 |     3 |     1 ||     6
  Eat: Chunk             |     3 |    12 |    11 |     4 ||    30
       Beef jerky        |       |       |     1 |       ||     1
Armor: Robe              |    70 |    93 |    81 |    21 ||   265
Dodge: Dodged            |    94 |   137 |   108 |    58 ||   397
